AoeStats
← [Knusper] sycane

Arena

508055243Analyzed
4v4 RM · 13d ago on Sep 20, 2026· 58m 36s· 8 players
Game mode
Random Map
Map size
Large (8 player)
Population
200
Speed
Normal
Resources
Standard
Victory
Conquest
Starting age
Dark Age
Ending age
Imperial Age
RankedLock teamsTeams togetherTeam positionsShared explorationLock speedFull tech treeHidden civsTurbo modeCheats
Victory
Defeat
🇩🇪 Lithuanians · Germany
1068
+14
🇩🇪 Goths · Germany
1068
+14
🇩🇪 Spanish · Germany
1051
+17
🇩🇪 Ethiopians · Germany
1024
+15
🇪🇸 Burgundians · Spain
1148
-19
🇪🇸 Teutons · Spain
1099
-26
🇬🇧 Turks · United Kingdom
1020
-14
🇪🇸 Byzantines · Spain
793
-7
sepereti
10:18 Feudal Age
13:35 Double-Bit Axe
13:35 Horse Collar
16:12 Castle Age
15:52 Gold Mining
20:03 Wheelbarrow
19:31 Heavy Plow
23:47 Hand Cart
23:45 Bow Saw
26:11 Stone Mining
29:31 Bloodlines
33:45 Imperial Age
31:05 Loom
32:56 Stone Shaft Mining
32:51 Scale Barding Armor
32:56 Forging
32:47 Scale Mail Armor
32:51 Padded Archer Armor
32:42 Fletching
33:17 Ballistics
33:42 Elite Skirmisher
34:56 Chain Barding Armor
34:49 Capped Ram
36:19 Conscription
37:14 Chemistry
36:33 Leather Archer Armor
41:32 Fortified Wall
43:25 Crop Rotation
43:58 Two-Man Saw
46:58 Cavalier
kypraeos18
11:12 Feudal Age
15:30 Castle Age
13:46 Double-Bit Axe
14:56 Horse Collar
16:33 Fletching
19:39 Bow Saw
20:36 Gold Mining
22:36 Bodkin Arrow
22:56 Fervor
24:10 Wheelbarrow
23:24 Loom
26:04 Hand Cart
27:04 Gold Shaft Mining
26:35 Heavy Plow
26:57 Scale Barding Armor
27:03 Forging
29:53 Stone Mining
30:55 Chain Barding Armor
31:12 Iron Casting
33:17 Imperial Age
32:00 Bloodlines
32:30 Iron Casting
32:20 Thumb Ring
33:57 Husbandry
36:55 Parthian Tactics
37:12 Conscription
37:25 Chain Barding Armor
38:06 Blast Furnace
36:59 Heavy Camel Rider
38:58 Two-Man Saw
41:11 Elite Janissary
41:16 Elite Janissary
55:45 Caravan
chinorron
4:43 Double-Bit Axe
10:20 Feudal Age
15:32 Castle Age
13:57 Bow Saw
15:59 Horse Collar
19:16 Heavy Plow
19:29 Loom
22:36 Wheelbarrow
24:03 Hand Cart
27:08 Two-Man Saw
26:40 Crop Rotation
31:04 Imperial Age
28:24 Pikeman
29:04 Squires
30:12 Scale Mail Armor
30:22 Forging
31:51 Chain Mail Armor
31:27 Fletching
32:38 Iron Casting
32:55 Halberdier
34:13 Plate Mail Armor
35:57 Stone Mining
36:01 Gold Mining
37:17 Burgundian Vineyards
38:35 Chemistry
38:37 Blast Furnace
37:37 Padded Archer Armor
38:10 Elite Skirmisher
42:11 Bodkin Arrow
42:32 Leather Archer Armor
47:51 Bracer
48:15 Ballistics
52:49 Husbandry
52:10 Light Cavalry
53:25 Cavalier
Harvey_Specter
11:21 Feudal Age
16:44 Castle Age
14:58 Horse Collar
20:19 Double-Bit Axe
22:52 Heavy Plow
22:48 Gold Mining
25:10 Stone Mining
25:48 Ballistics
26:15 Bow Saw
28:02 Forging
29:21 Iron Casting
29:08 Murder Holes
32:30 Imperial Age
30:25 Scale Barding Armor
31:37 Chain Barding Armor
33:01 Wheelbarrow
33:18 Gold Shaft Mining
33:24 Logistica
33:35 Conscription
33:55 Plate Barding Armor
34:09 Caravan
35:52 Crop Rotation
36:26 Two-Man Saw
36:01 Hand Cart
36:02 Fervor
36:14 Redemption
36:28 Sanctity
36:43 Illumination
36:38 Block Printing
37:03 Theocracy
40:39 Elite Cataphract
42:42 Elite Skirmisher
43:09 Crossbowman
43:55 Thumb Ring
44:04 Fletching
44:15 Padded Archer Armor
45:17 Chemistry
45:39 Onager
52:58 Arbalester
54:25 Leather Archer Armor
54:06 Bodkin Arrow
Nathan-12356
4:00 Loom
10:11 Feudal Age
11:34 Wheelbarrow
10:51 Double-Bit Axe
10:50 Horse Collar
17:13 Castle Age
16:37 Stone Mining
16:40 Gold Mining
18:34 Bow Saw
20:39 Fervor
23:34 Hand Cart
24:34 Town Watch
26:07 Heavy Plow
29:22 Bloodlines
29:12 Husbandry
31:52 Imperial Age
29:50 Masonry
30:51 Pikeman
31:32 Squires
32:37 Cavalier
34:16 Conscription
35:50 Elite Conquistador
42:14 Padded Archer Armor
42:05 Fletching
42:26 Forging
44:56 Hoardings
45:03 Hoardings
47:49 Ballistics
48:29 Chemistry
48:01 Architecture
47:26 Murder Holes
47:26 Halberdier
50:01 Iron Casting
49:42 Leather Archer Armor
53:21 Town Patrol
54:17 Ring Archer Armor
54:48 Blast Furnace
53:44 Bodkin Arrow
[Knusper] ChamberMC
11:46 Loom
13:58 Feudal Age
18:01 Castle Age
17:35 Stone Mining
17:33 Double-Bit Axe
17:31 Horse Collar
20:12 Scale Mail Armor
26:18 Bow Saw
30:03 Heavy Plow
30:00 Fletching
30:12 Padded Archer Armor
31:01 Bodkin Arrow
33:52 Imperial Age
30:59 Crossbowman
33:04 Thumb Ring
33:19 Leather Archer Armor
34:41 Ballistics
34:20 Murder Holes
34:35 Fortified Wall
35:35 Chemistry
34:16 Arbalester
35:04 Capped Ram
36:17 Siege Engineers
36:23 Masonry
37:01 Bracer
37:32 Ring Archer Armor
43:43 Elite Skirmisher
44:42 Chain Mail Armor
44:37 Forging
49:29 Siege Ram
52:32 Torsion Engines
[Knusper] sycane
10:40 Feudal Age
12:13 Double-Bit Axe
14:51 Castle Age
12:42 Horse Collar
14:59 Light Cavalry
17:46 Bow Saw
22:27 Wheelbarrow
21:56 Heavy Plow
27:52 Imperial Age
25:08 Loom
26:22 Hand Cart
26:53 Scale Barding Armor
28:00 Chain Barding Armor
27:54 Bloodlines
27:55 Stone Mining
27:59 Gold Mining
29:16 Plate Barding Armor
29:23 Conscription
29:25 Forging
30:58 Stone Shaft Mining
30:41 Husbandry
31:23 Iron Casting
31:32 Elite Leitis
34:05 Ballistics
33:37 Fletching
34:44 Masonry
35:23 Bodkin Arrow
36:48 Hoardings
37:14 Architecture
36:52 Bracer
37:49 Padded Archer Armor
38:59 Chemistry
38:54 Tower Shields
39:48 Murder Holes
40:12 Leather Archer Armor
45:06 Caravan
45:39 Ring Archer Armor
45:46 Elite Skirmisher
[Knusper] Alex
0:44 Loom
11:32 Feudal Age
16:16 Castle Age
14:56 Double-Bit Axe
14:53 Horse Collar
15:13 Loom
19:38 Wheelbarrow
19:36 Heavy Plow
21:20 Town Watch
23:53 Gold Mining
25:45 Bow Saw
27:08 Hand Cart
30:16 Imperial Age
28:27 Stone Mining
29:09 Scale Mail Armor
29:20 Forging
29:12 Anarchy
30:28 Town Patrol
30:48 Squires
31:06 Chain Mail Armor
31:26 Iron Casting
30:43 Fletching
31:23 Perfusion
31:45 Conscription
34:04 Elite Huskarl
34:09 Pikeman
35:03 Bloodlines
36:10 Ballistics
36:30 Stone Shaft Mining
35:43 Capped Ram
37:35 Two-Man Saw
39:04 Blast Furnace
37:48 Halberdier
40:28 Caravan
41:46 Scale Barding Armor
42:57 Crop Rotation
42:12 Heavy Scorpion
45:33 Chemistry
44:44 Masonry
46:37 Sanctity
48:59 Husbandry
48:21 Light Cavalry
51:15 Hussar
52:38 Chain Barding Armor
52:15 Bodkin Arrow
52:22 Padded Archer Armor
Connection lost

Rejoining the realm…

Still unreachable

The connection could not be restored.

Session expired

The server has moved on; the page needs a fresh start.